Unix NetHack Version 5.0.0-0 post-release - last build May 10 2026 23:12:36 (d1fa5d53e341ca933230fdaa984d921c805b60aa,branch:main).

Game began 2026-05-13 02:40:34, ended 2026-05-13 19:56:53.

Gary, lawful male human Samurai

                                                         ---------------
                                                         |!%*.[+.!../*.|
                                                         |=.%.[%)*..(..|
       -------------                                     |!%%!.!..).d.)|
       ...$.........#######    -----------               |.......qq.@..|
       |..........{|      #    |..........########       ----------@----
       |...........|      #####..........|       ##                #
       ---------.---          #|.........|        ##             ###
                #            ##|.........|         ##            #
                #              -----------          #     ########
                ##                                  #  ---.------------
                 #                                  ###|..............|
                 ###                                  #-..............|
              ---.-.----                               |..............|
              |...<....|                               ----------------
              .........|
              |.........
              ----------

Gary the Ronin         St:15 Dx:15 Co:18 In:10 Wi:9 Ch:6  Lawful S:1164
Dlvl:6  $:116 HP:0(51) Pw:15(15) AC:2  Xp:5/197 T:1891  Burdened Fly

Latest messages:
 It knocks Hachi back with a forceful blow!
 It misses Hachi.
 It misses Hachi.
 You hear a jackal howling at the moon.
 There is a partly eaten bugbear corpse here; eat it? y
 You resume your meal.
 Hachi misses it.
 You stop eating the bugbear corpse.
 Hachi misses the rothe.
 There is a partly eaten bugbear corpse here; eat it? y
 You resume your meal.
 You stop eating the bugbear corpse.
 Hachi bites it.
 It hits Hachi.
 It misses Hachi.
 It misses Hachi.
 Hachi bites it.
 There is a partly eaten bugbear corpse here; eat it? y
 You resume your meal.
 Hachi eats a rothe corpse.
 You finish eating the bugbear corpse.
 "Irasshaimase, Gary!  Welcome again to Akranes' general store!"
 There is an open door here.
 You see here an arrow.
 Hachi picks up an arrow.
 Hachi misses the rothe.
 Hachi bites it.
 It misses Hachi.
 It bites Hachi.
 It bites Hachi.
 You hit the rothe!
 The rothe hits!
 The rothe bites!
 The rothe bites again!
 Hachi picks up an orange gem.
 You kill the rothe!
 Hachi eats a rothe corpse.
 Hachi drops an orange gem.
 You stop.  Hachi is in the way!
 "Irasshaimase, Gary!  Welcome again to Akranes' general store!"
 The rothe misses!
 The rothe bites!
 The rothe bites again!
 You miss the rothe.
 The rothe hits!
 The rothe bites!
 The rothe bites again!
 The rothe hits!
 You die...
 Akranes gratefully inherits all your possessions.

Inventory:
 Coins    ('$')
  $ - 116 gold pieces
 Amulets  ('"')
  m - a blessed amulet of flying (being worn)
 Weapons  (')')
  d - 40 +0 ya (in quiver)
  c - a +0 yumi (alternate weapon; not wielded)
  a - a +0 katana (weapon in right hand)
  b - a +0 wakizashi
 Armor    ('[')
  q - a cursed -3 pair of gauntlets of fumbling
  x - an uncursed +1 pair of jumping boots (being worn)
  e - an uncursed rustproof +0 splint mail (being worn)
 Comestibles  ('%')
  s - 2 uncursed kiwifruits
  u - 2 uncursed gunyoki
  v - 2 uncursed lembas wafers
  h - 2 uncursed lichen corpses
 Scrolls  ('?')
  J - an uncursed scroll of genocide
  K - an uncursed scroll of identify
 Potions  ('!')
  C - an uncursed potion of enlightenment
  n - 3 uncursed potions of extra healing
  l - 3 uncursed potions of healing
  F - an uncursed potion of paralysis
  k - an uncursed potion of see invisible
  z - an uncursed potion of water
  f - a potion of unholy water
 Wands    ('/')
  r - a wand of fire (0:3)
  E - a wand of undead turning (0:6)
 Tools    ('(')
  j - an expensive camera (0:53)
  t - an uncursed oil lamp
  y - an uncursed wax candle
 Gems/Stones  ('*')
  i - an uncursed amber stone
  p - an uncursed worthless piece of black glass
  o - an uncursed worthless piece of blue glass
  g - an uncursed worthless piece of white glass

Gary the Samurai's attributes:

Background:
 You were a Ronin, a level 5 male human Samurai.
 You were lawful, on a mission for Amaterasu Omikami
 who was opposed by Raijin (neutral) and Susanowo (chaotic).
 You were right-handed.
 You were in the Dungeons of Doom, on level 6.
 You entered the dungeon 1891 turns ago.
 You had 197 experience points, 123 more were needed to attain level 6.
 Your score was 1164 before end-of-game adjustments.

Basics:
 You had 0 out of 51 hit points.
 You had all 15 energy points (spell power).
 Your armor class was 2.
 Your wallet contained 116 zorkmids.
 Autopickup was on for '$' plus thrown.

Final Characteristics:
 Your strength was 15 (limit:18/100).
 Your dexterity was 15 (limit:18).
 Your constitution was 18 (limit:18).
 Your intelligence was 10 (limit:18).
 Your wisdom was 9 (limit:18).
 Your charisma was 6 (limit:18).

Final Status:
 You were flying.
 You weren't hungry.
 You were burdened; movement was slightly slowed.
 You were wielding a long sword.
 You had basic skill with long sword.

Final Attributes:
 You were devoutly aligned.
 You could jump.
 You were warded.
 You were fast.
 You are dead.

Miscellaneous:
 You didn't encounter any bones levels.
 Total elapsed playing time was 30 minutes and 50 seconds.

Major events:
 Turn
    1: Gary the lawful male human Samurai entered the dungeon
  632: attained the rank of Ronin (level 3)
  999: entered the Gnomish Mines
 1891: killed by a rothe

You didn't know any spells.

Skills:
 Fighting Skills
   martial arts      [Basic]
   two weapon combat [Unskilled]
   riding            [Unskilled]
 Weapon Skills
   dagger            [Unskilled]
   knife             [Unskilled]
   short sword       [Basic]
   broadsword        [Unskilled]
   long sword        [Basic]
   two-handed sword  [Unskilled]
   saber             [Unskilled]
   flail             [Unskilled]
   quarterstaff      [Unskilled]
   polearms          [Unskilled]
   spear             [Unskilled]
   lance             [Unskilled]
   bow               [Basic]
   shuriken          [Unskilled]
 Spellcasting Skills
   attack spells     [Unskilled]
   divination spells [Unskilled]
   clerical spells   [Unskilled]

Voluntary challenges:
 Character rerolling was not enabled.
 You never genocided any monsters.
 You never polymorphed an object.
 You never changed form.
 You used no wishes.
Achievements:
 You entered a shop.
 You attained the rank of Ronin.
 You entered the Gnomish Mines.

 The Dungeons of Doom: levels 1 to 6
    Level 1:
       A sink.
    Level 2:
       A potion shop, some fountains, a sink.
    Level 3:
       Many altars, many fountains.
    Level 4:
       Some fountains.
       Stairs down to The Gnomish Mines.
    Level 5:
       An altar, some fountains.
    Level 6: <- You were here.
       A general store, a fountain.
       Final resting place for
          you, killed by a rothe.
 The Gnomish Mines:
    Level 5:


Vanquished creatures:
  a small mimic
  a bugbear
  a pony
  a shrieker
  a gnome leader
  a giant ant
  a floating eye
  4 rothes
  a giant bat
  a werejackal
  a hobgoblin
  a yellow mold
  a green mold
  3 gnomes
  a garter snake
  a gecko
  6 jackals
  2 foxes
  2 kobolds
  2 sewer rats
  a grid bug
  3 lichens
  5 newts
42 creatures vanquished.

No species were genocided or became extinct.

Game over:
                       ----------
                      /          \
                     /    REST    \
                    /      IN      \
                   /     PEACE      \
                  /                  \
                  |       Gary       |
                  |      116 Au      |
                  |   killed by a    |
                  |      rothe       |
                  |                  |
                  |                  |
                  |       2026       |
                 *|     *  *  *      | *
        _________)/\\_//(\/(/\)/\//\/|_)_______

Sayonara Gary the Samurai...

You died in The Dungeons of Doom on dungeon level 6 with 1153 points,
and 116 pieces of gold, after 1891 moves.
You were level 5 with a maximum of 51 hit points when you died.

